 Dungeon Crawl Stone Soup version 0.30-a0-140-gd1020e658a (webtiles) character file.

Game seed: 12712195862055731547

366 themarg the Magician (level 7, -3/45 HPs)
             Began as a Djinni Fire Elementalist on Sept 25, 2022.
             Slain by an ogre (7 damage)
             ... on level 4 of the Dungeon.
             The game lasted 00:10:43 (4676 turns).

themarg the Magician (Djinni Fire Elementalist)     Turns: 4676, Time: 00:10:43

Health: -3/45      AC:  2    Str: 13    XL:     7   Next: 1%
Gold:   143        EV: 12    Int: 19    God:
                   SH:  0    Dex: 13

rFire   + + .      SeeInvis .    b - +0 dagger (elec)
rCold   . . .      Faith    .    (no shield)
rNeg    . . .      Spirit   .    a - +0 robe
rPois   ∞          Reflect  .    (no helmet)
rElec   .          Harm     .    (no cloak)
rCorr   .          Rampage  .    (no gloves)
Will    .....                    (boots unavailable)
Stlth   ++........               (no amulet)
HPRegen 0.15/turn                l - +6 ring of strength
MPRegen 0.00/turn                m - ring of protection from cold

@: flying
A: sickness immunity, fire resistance 2, cold vulnerability 1, float, innate
caster, HP casting, extra vitality 1
a: no special abilities


You were on level 4 of the Dungeon.
You visited 1 branch of the dungeon, and saw 4 of its levels.

You collected 143 gold pieces.

Inventory:

Hand Weapons
 b - a +0 dagger of electrocution (weapon)
Armour
 a - a +0 robe (worn)
Jewellery
 l - a +6 ring of strength (left hand)
 m - a ring of protection from cold (right hand)
Scrolls
 d - 2 scrolls of teleportation
 h - 4 scrolls of identify {unknown}
 i - a scroll of blinking {unknown}
 k - 2 scrolls of butterflies {unknown}
Potions
 c - 6 potions of curing {unknown}
 e - a potion of attraction {unknown}
 f - a potion of flight {unknown}
 g - 2 potions of might {unknown}
 j - 2 potions of degeneration {unknown}
 n - a potion of cancellation {unknown}
 o - a potion of ambrosia {unknown}
 p - a potion of brilliance {unknown}
 q - a potion of mutation {unknown}


   Skills:
 - Level 2.4 Dodging
 - Level 3.0 Stealth
 + Level 5.1 Spellcasting


You couldn't memorise any spells.
You knew the following spells:

 Your Spells              Type           Power      Damage    Failure   Level
a - Foxfire               Conj/Fire      96%        2x1d8     1%          1
b - Scorch                Fire           48%        2d7       2%          2
c - Kindle Blastsparks    Fire/Tloc/Air  48%        2d14      4%          3
d - Inner Flame           Hex/Fire       24%        N/A       4%          3
e - Flame Wave            Conj/Fire      24%        2d8       16%         4
f - Beastly Appendage     Tmut           48%        N/A       1%          1
g - Call Imp              Summ           24%        N/A       2%          2
h - Tukima's Dance        Hex            24%        N/A       4%          3
Your spell library was empty.

Dungeon Overview and Level Annotations

Branches:
Dungeon (4/15)
 Temple: D:4-7

Altars:
Trog
The Shining One

Annotations:
D:2 1 runed translucent door, exclusion: door, Crazy Yiuf
D:4 Menkaure


Innate Abilities, Weirdness & Mutations

You are immune to sickness and miasma.
You are immune to poison.
Your flesh is very heat resistant. (rF++)
You are vulnerable to cold. (rC-)
You float through the air rather than walking.
You learn spells naturally, not from books.
Your magical power is your life essence.
You have superior vitality. (+4 MHP)


Message History

An ogre comes into view. It is wielding a +0 giant club.
Casting: Scorch (safe; 2% risk of failure)
Confirm with . or Enter, or press ? or * to list all spells.
Aiming: Tukima's Dance (dangerous; 4% risk of failure)
Press: ? - help, Shift-Dir - straight line, f - ogre
Aim: an ogre, wielding a +0 giant club (asleep, chance to affect: 55%)
The ogre shouts!
The ogre resists with significant effort.
Casting: Tukima's Dance (dangerous; 4% risk of failure)
Confirm with . or Enter, or press ? or * to list all spells.
Aiming: Tukima's Dance (dangerous; 4% risk of failure)
Press: ? - help, Shift-Dir - straight line, f/p - ogre
Aim: an ogre, wielding a +0 giant club (chance to affect: 55%)
The +0 giant club dances into the air!
Casting: Tukima's Dance (dangerous; 4% risk of failure)
Confirm with . or Enter, or press ? or * to list all spells.
Flames lash the ogre.
The ogre is lightly wounded.
The ogre's fire resistance burns away.
Casting: Scorch (safe; 2% risk of failure)
Confirm with . or Enter, or press ? or * to list all spells.
Flames lash the ogre.
The ogre is burned terribly!
The ogre is moderately wounded.
The ogre hits you!
Casting: Scorch (safe; 2% risk of failure)
Confirm with . or Enter, or press ? or * to list all spells.
Flames lash the ogre.
The ogre is burned terribly!
The ogre is severely wounded.
An orc comes into view. It is wielding a +0 club.
The ogre hits you!
* * * LOW HITPOINT WARNING * * *
Casting: Scorch (safe; 2% risk of failure)
Confirm with . or Enter, or press ? or * to list all spells.
Flames lash the ogre.
The ogre is burned terribly!
The ogre is almost dead.
* * * LOW HITPOINT WARNING * * *
The ogre attacks as you move away! The ogre barely misses you.
Something hits your +0 giant club.
The ogre attacks as you move away! The ogre hits you!
You die...

####.##.......# ##.
#..#####'#.# ##..
##.# #.#.####..#
#.#####.#........
#.....#.#.#...###
#####...###.###
##......#
#########.#########
#.@......>.........
#O#################
#.###### ##......#
#.(.....# #.......#
######o########.
..o..............
.#########.#####.


You could see an ogre (combustible, ally target) and a friendly +0 giant club.

Vanquished Creatures
  2 phantoms (D:4)
  A hound (D:4)
  A jelly (D:4)
  An iguana (D:4)
  5 adders
  2 dart slugs
  9 orcs
  4 bats
  4 endoplasms
  2 giant cockroaches
  6 goblins
  6 hobgoblins
  5 jackals
  2 quokkas
  9 ball pythons
  7 frilled lizards
  7 kobolds
  7 rats
80 creatures vanquished.

Vanquished Creatures (others)
  93 foxfires
93 creatures vanquished.

Grand Total: 173 creatures vanquished

Notes
Turn   | Place    | Note
-------+----------+-------------------------------------------
     0 | D:1      | themarg the Djinni Fire Elementalist began the quest for
                  | the Orb.
     0 | D:1      | themarg set off with the following spells memorised:
                  | Foxfire, Scorch, Kindle Blastsparks, Inner Flame, Flame
                  | Wave.
     0 | D:1      | Reached XP level 1. HP: 15/15 MP: 0/0
   171 | D:1      | Reached XP level 2. HP: 18/21 MP: 0/0
   522 | D:1      | Found a faded altar of an unknown god.
   918 | D:1      | Reached XP level 3. HP: 24/25 MP: 0/0
   918 | D:1      | Learned a level 1 spell: Beastly Appendage
  1399 | D:2      | Found a runed translucent door.
  1400 | D:2      | Noticed Crazy Yiuf
  2056 | D:2      | Reached skill level 3 in Spellcasting
  2056 | D:2      | Reached XP level 4. HP: 27/31 MP: 0/0
  2205 | D:2      | Found a glowing golden altar of the Shining One.
  2862 | D:3      | Found a bloodstained altar of Trog.
  3022 | D:3      | Identified the amulet of Mouriyge {Faith -Cast rElec rF++
                  | Will+}
  3132 | D:3      | Reached XP level 5. HP: 35/35 MP: 0/0
  3132 | D:3      | Learned a level 2 spell: Call Imp
  3683 | D:4      | Reached skill level 4 in Spellcasting
  3843 | D:4      | Noticed a phantom
  3857 | D:4      | Killed a phantom
  3858 | D:4      | Reached XP level 6. HP: 22/40 MP: 0/0
  4272 | D:4      | Reached skill level 5 in Spellcasting
  4272 | D:4      | Reached XP level 7. HP: 39/45 MP: 0/0
  4272 | D:4      | Learned a level 3 spell: Tukima's Dance
  4502 | D:4      | Noticed Menkaure
  4676 | D:4      | Slain by an ogre

Illustrated notes

Levels and vault maps discovered:
D:1:      minmay_arrival_doors, layout_basic, serial_forest,
          infiniplex_forest_clump_double, infiniplex_forest_straight_3,
          infiniplex_forest_lined_room_2, infiniplex_forest_lined_3,
          infiniplex_forest_clump_medium, nicolae_ecumenical_snake_handling,
          minivault_26, interstate_on_off, minmay_curled_crystal
D:2:      layout_basic, basic_altar, uniq_crazy_yiuf_cottage
D:3:      layout_basic, mainiacjoe_overflow_alcove_1,
          nicolae_overflow_crystal_walls, minmay_quadrilaterals
D:4:      layout_basic, uniq_menkaure

Skill      XL: |  1  2  3  4  5  6 |
---------------+-------------------+-----
Stealth        | 2 3 |  3.0
Spellcasting   | 3 4 5 |  5.1
Dodging        | |  2.4

Action                   |  1- 3 |  4- 6 |  7- 9 || total
-------------------------+-------+-------+-------++-------
Melee: Dagger            |       |     1 |       ||     1
 Cast: Foxfire           |    36 |    28 |       ||    64
       Scorch            |    12 |    44 |     5 ||    61
       Tukima's Dance    |       |       |     2 ||     2
  Use: Scroll            |       |     1 |       ||     1
Dodge: Dodged            |     4 |     2 |     1 ||     7

Table legend: (Time is in decaauts)
 A = Elapsed time spent in this place.
 B = Non-inter-level travel time spent in this place.
 C = Inter-level travel time spent in this place.
 D = Time resting spent in this place.
 E = Time spent auto-exploring this place.
 F = Levels seen in this place.
 G = Mean time per level.
                   A        B        C        D        E       F      G
               +--------+--------+--------+--------+--------+-----+--------+
         Total |   4674 |   4590 |     84 |   1218 |   2884 |   4 | 1168.5 |
       Dungeon |   4674 |   4590 |     84 |   1218 |   2884 |   4 | 1168.5 |
               +--------+--------+--------+--------+--------+-----+--------+

Top non-repeatable levels by time:
     D:1: 1489 daAuts
     D:2: 1103 daAuts
     D:4: 1058 daAuts
     D:3: 1023 daAuts
